 Dungeon Crawl Stone Soup version 0.27.1-3-gb3d3a73c9e (webtiles) character file.

Game seed: 16210109592632173652

291 Ekaitz the Chiller (level 6, 0/44 HPs)
             Began as a Merfolk Ice Elementalist on Oct 19, 2021.
             Was an Initiate of Sif Muna.
             Succumbed to a scorpion's poison
             ... on level 4 of the Dungeon.
             The game lasted 00:07:56 (3746 turns).

Ekaitz the Chiller (Merfolk Ice Elementalist)       Turns: 3746, Time: 00:07:57

Health: 0/44       AC:  4    Str:  8    XL:     6   Next: 32%
Magic:  9/10       EV: 13    Int: 16    God:    Sif Muna [......]
Gold:   60         SH:  0    Dex: 15    Spells: 3/10 levels left

rFire    . . .     SeeInvis .   j - +2 halberd (venom)
rCold    . . .     Faith    .   (shield currently unavailable)
rNeg     . . .     Spirit   .   a - +0 robe
rPois    .         Reflect  .   (no helmet)
rElec    .         Harm     .   t - +0 cloak
rCorr    .         Rampage  .   (no gloves)
Will     .....                  o - +0 pair of boots
Stlth    ++........             (no amulet)
HPRegen  0.14/turn              l - ring of flight
MPRegen  0.12/turn              (no ring)

@: lethally poisoned (0 -> -8), flying
A: (nimble swimmer 2), mertail
a: Renounce Religion


You were on level 4 of the Dungeon.
You worshipped Sif Muna.
Sif Muna was noncommittal.
You visited 1 branch of the dungeon, and saw 4 of its levels.

You collected 179 gold pieces.
You spent 119 gold pieces at shops.

Inventory:

Hand Weapons
 e - a +0 short sword
 j - a +2 halberd of venom (weapon)
 u - a +2 quarterstaff of chaos
Armour
 a - a +0 robe (worn)
 o - a +0 pair of boots (worn)
 t - a +0 cloak (worn)
Jewellery
 l - a ring of flight (left hand)
Wands
 s - a wand of flame (1)
Scrolls
 b - 2 scrolls of amnesia {unknown}
 c - 2 scrolls of magic mapping
 f - a scroll of immolation {unknown}
 g - a scroll of identify
 h - 2 scrolls of teleportation
 i - a scroll of fog {unknown}
 m - a scroll of fear {unknown}
 p - a scroll of brand weapon {unknown}
Potions
 d - a potion of cancellation
 n - a potion of haste {unknown}
 q - a potion of heal wounds {unknown}
 r - 2 potions of invisibility


   Skills:
 * Level 1.7 Fighting
 + Level 2.0 Polearms
 * Level 4.0 Dodging
 + Level 3.0 Stealth
 + Level 2.7 Spellcasting
 * Level 6.2 Ice Magic
 * Level 1.2 Invocations


You had 3 spell levels left.
You knew the following spells:

 Your Spells              Type           Power      Damage    Failure   Level
a - Freeze                Ice            88%        1d10      1%          1
b - Frozen Ramparts       Ice            44%        1d6       4%          3
c - Ozocubu's Armour      Ice            22%        N/A       4%          3

Your spell library contained the following spells:

 Spells                   Type           Power      Damage    Failure   Level
 Shock                    Conj/Air       8%         1d3       19%         1
 Inner Flame              Hex/Fire       2%         N/A       50%         3
 Swiftness                Air            2%         N/A       50%         3
 Hailstorm                Conj/Ice       12%        3d5       47%         4
 Airstrike                Air            1%         N/A       88%         4
 Cause Fear               Hex            1%         N/A       88%         4
 Discord                  Hex            1%         N/A       100%        8


Dungeon Overview and Level Annotations

Branches:
Dungeon (4/15)
 Temple: D:4-7

Altars:
Makhleb
Ru
Sif Muna
Vehumet

Shops:
D:4 ?

Annotations:
D:3 3 runed translucent doors, PocketSox's ghost, amateur DDNe


Innate Abilities, Weirdness & Mutations

((You are quick and stealthy near water. (Stealth+, EV+, Speed+++)))
Your lower body shifts to a powerful aquatic tail in water.


Message History

The scorpion stings you.
You hit the scorpion.
The scorpion is heavily wounded.
The scorpion stings you!
You are poisoned.
The scorpion poisons you! The scorpion stings you.
You hit the scorpion.
The scorpion is severely wounded.
You feel very sick. The scorpion stings you!
You are lethally poisoned!
The scorpion poisons you!
* * * LOW HITPOINT WARNING * * *
You feel very sick. The scorpion barely misses you.
Casting: Freeze (safe; 1% risk of failure)
Confirm with . or Enter, or press ? or * to list all spells.
Aiming: Freeze (safe; 1% risk of failure)
Press: ? - help, Shift-Dir - straight line, f/p - scorpion
Aim: a scorpion (severely wounded)
You freeze the scorpion!
You kill the scorpion!
Sif Muna accepts your kill.
* * * LOW HITPOINT WARNING * * *
You feel very sick.
Your Polearms skill increases to level 2!
Your Dodging skill increases to level 4!
Your Stealth skill increases to level 3!
Your Invocations skill increases to level 1!
As you read the scroll of identify, it crumbles to dust.
r - 2 potions of invisibility
* * * LOW HITPOINT WARNING * * *
You feel very sick.
As you read the scroll of identify, it crumbles to dust.
d - a potion of cancellation
* * * LOW HITPOINT WARNING * * *
You feel sick.
It was a potion of flight.
You feel more buoyant.
You die...

## ##### # ...
...# .#
#.##..###.#
#......8..##
#.)...#..#
#..<..!..#
#........##
#8...∩...8#
###...@...#..#
#....>.....#
#.#?.....#.#
#.#8.....#
#.#.#..#.#
.........#
..........
...#####..
#.#. ##


There were no monsters in sight!

Vanquished Creatures
  A scorpion (D:4)
  A crimson imp (D:3)
  A hound (D:3)
  Crazy Yiuf (D:2)
  A gnoll (D:2)
  7 adders (D:2)
  A worm (D:2)
  An adder zombie (D:1)
  2 orcs
  3 ball pythons
  A bat zombie (D:1)
  7 endoplasms
  12 giant cockroaches
  4 hobgoblins
  7 jackals (D:1)
  A kobold (D:1)
  A quokka (D:3)
  A bat (D:3)
  7 frilled lizards
  A goblin (D:1)
  6 rats
67 creatures vanquished.

Vanquished Creatures (others)
  A fungus (D:2)
1 creature vanquished.

Grand Total: 68 creatures vanquished

Notes
Turn   | Place    | Note
-------+----------+-------------------------------------------
     0 | D:1      | Ekaitz the Merfolk Ice Elementalist began the quest for the
                  | Orb.
     0 | D:1      | Reached XP level 1. HP: 13/13 MP: 3/3
   170 | D:1      | Reached XP level 2. HP: 9/19 MP: 1/5
   517 | D:1      | Reached skill level 5 in Ice Magic
  1101 | D:1      | Reached XP level 3. HP: 24/24 MP: 3/6
  1105 | D:1      | Learned a level 3 spell: Frozen Ramparts
  2064 | D:2      | Reached XP level 4. HP: 27/31 MP: 5/7
  2411 | D:2      | Reached skill level 1 in Fighting
  2481 | D:2      | You are sucked into a shaft and drop 1 floor!
  2506 | D:3      | Found a shimmering blue altar of Sif Muna.
  2514 | D:3      | Became a worshipper of Sif Muna the Loreminder
  2577 | D:3      | Found a runed translucent gate.
  2577 | D:3      | Found a runed translucent gate.
  2577 | D:3      | Noticed a kobold brigand
  2579 | D:3      | Noticed PocketSox's ghost (amateur DDNe)
  2580 | D:3      | Found a runed translucent gate.
  2596 | D:3      | Reached XP level 5. HP: 35/37 MP: 4/8
  2707 | D:3      | Found a sacrificial altar of Ru.
  2848 | D:3      | Found a burning altar of Makhleb.
  2848 | D:3      | Found a radiant altar of Vehumet.
  2853 | D:3      | Reached skill level 1 in Polearms
  2853 | D:3      | Reached skill level 6 in Ice Magic
  3431 | D:2      | Found a faded altar of an unknown god.
  3547 | D:2      | Found a runed translucent door.
  3548 | D:2      | Noticed Crazy Yiuf
  3555 | D:2      | Learned a level 3 spell: Ozocubu's Armour
  3559 | D:2      | Killed Crazy Yiuf
  3560 | D:2      | Reached XP level 6. HP: 41/43 MP: 0/10
  3724 | D:4      | Found Moudgh's Magic Scroll Emporium.
  3729 | D:4      | Bought a scroll of identify for 28 gold pieces
  3729 | D:4      | Bought a scroll of magic mapping for 49 gold pieces
  3729 | D:4      | Bought a scroll of teleportation for 42 gold pieces
  3744 | D:4      | Reached skill level 1 in Invocations
  3745 | D:4      | HP: 2/44 [poisoned by a scorpion]
  3746 | D:4      | Succumbed to a scorpion's poison

Illustrated notes

Levels and vault maps discovered:
D:1:      saegor_arrival_fortress, layout_basic
D:2:      minmay_chambers_of_twos, layout_basic, serial_corexii_hall,
          corexii_hall_statues_deadend, chequers_hall_statues_wall_a,
          hellmonk_ecumenical_altar_arch_garden, uniq_crazy_yiuf_cottage
D:3:      minmay_roachtagon, layout_basic,
          grunt_temple_overflow_lords_of_destruction, lemuel_doored_altar,
          mainiacjoe_overflow_surrounded_room, gammafunk_ghost_nasty_kobolds,
          minmay_bisected
D:4:      layout_loops_corners, grunt_temple_overflow_holy_war,
          marbit_many_paths, enter_ossuary_1, serial_shops,
          nicolae_stop_n_shop_1, minmay_pentomino_pile

Skill      XL: |  1  2  3  4  5  6 |
---------------+-------------------+-----
Ice Magic      | 5 6 |  6.2
Dodging        | 3 4 |  4.0
Fighting       | 1 |  1.7
Polearms       | 1 2 |  2.0
Stealth        | 3 |  3.0
Invocations    | 1 |  1.2
Spellcasting   | |  2.7

Action                   |  1- 3 |  4- 6 || total
-------------------------+-------+-------++-------
Melee: Unarmed           |    15 |       ||    15
       Short sword       |    15 |       ||    15
       Halberd           |     2 |    55 ||    57
       Tailslap          |     2 |       ||     2
 Cast: Freeze            |    40 |    17 ||    57
       Frozen Ramparts   |     3 |     6 ||     9
       Ozocubu's Armour  |       |     1 ||     1
  Use: Scroll            |       |     2 ||     2
       Potion            |       |     1 ||     1
 Stab: Sleeping          |     2 |     9 ||    11
Armor: Robe              |     6 |     7 ||    13
Dodge: Dodged            |    56 |    33 ||    89
